 Dungeon Crawl Stone Soup version 0.27-a0-1525-g1038ab4fd7 (webtiles) character file.

Game seed: 8260615688432515935

19 hatdisgam the Shield-Bearer (level 2, -3/16 HPs)
             Began as a Vine Stalker Fighter on July 11, 2021.
             Slain by a gnoll (5 damage)
             ... on level 1 of the Dungeon.
             The game lasted 00:00:35 (388 turns).

hatdisgam the Shield-Bearer (Vine Stalker Fighter)   Turns: 388, Time: 00:00:36

Health: -3/16      AC:  6    Str: 18    XL:     2   Next: 75%
Magic:  0/3        EV:  9    Int:  8    God:
Gold:   40         SH:  0    Dex: 13    Spells: 1/1 levels left

rFire    . . .     SeeInvis .   a - +0 long sword
rCold    . . .     Faith    .   (no shield)
rNeg     . . .     Spirit   +   b - +0 scale mail
rPois    .         Reflect  .   (no helmet)
rElec    .         Harm     .   (no cloak)
rCorr    .         Rampage  .   (no gloves)
Will     .....                  (no boots)
Stlth    ..........             (no amulet)
HPRegen  0.05/turn              (no ring)
MPRegen  0.08/turn              (no ring)

@: no status effects
A: fangs 2, magic shield, antimagic bite, no potion heal 2
a: no special abilities


You were on level 1 of the Dungeon.
You visited 1 branch of the dungeon, and saw 1 of its levels.

You collected 40 gold pieces.

Inventory:

Hand Weapons
 a - a +0 long sword (weapon)
Armour
 b - a +0 scale mail (worn)
 c - a +0 kite shield
Scrolls
 f - a scroll of noise {unknown}
 h - 2 scrolls of identify {unknown}
Potions
 d - a potion of might
 e - a potion of curing {unknown}
 g - a potion of haste {unknown}


   Skills:
 - Level 2.6 Fighting
 * Level 2.5 Long Blades
 - Level 2.4 Armour
 + Level 0.9 Dodging
 - Level 2.6 Shields


You had one spell level left.
You didn't know any spells.
Your spell library was empty.

Dungeon Overview and Level Annotations

Branches:
Dungeon (1/15)

Altars:


Innate Abilities, Weirdness & Mutations

You have extremely sharp teeth.
When hurt, damage is shared between your health and your magic reserves.
Your bite disrupts and absorbs the magic of your enemies.
Potions cannot restore your health.


Message History

No target in view!
No target in view!
No target in view!
A goblin comes into view. It is wielding a +0 club.
The goblin shouts!
A goblin is nearby!
A goblin is nearby!
A goblin is nearby!
A gnoll comes into view. It is wielding a +0 whip.
The gnoll shouts!
The goblin hits you with a +0 club.
You closely miss the goblin. You bite the goblin, but do no damage.
The goblin barely misses you.
You barely miss the gnoll. You bite the gnoll, but do no damage.
The gnoll hits you with a +0 whip. The goblin hits you with a +0 club.
The gnoll hits you with a +0 whip.
You are too injured to fight recklessly!
You are too injured to fight recklessly!
You are too injured to fight recklessly!
You are too injured to fight recklessly!
You are too injured to fight recklessly!
You are too injured to fight recklessly!
You are too injured to fight recklessly!
You are too injured to fight recklessly!
You are too injured to fight recklessly!
You closely miss the gnoll. The goblin misses you.
The gnoll hits you with a +0 whip!
* * * LOW HITPOINT WARNING * * *
The goblin hits you but does no damage.
You hit the gnoll.
The gnoll is lightly wounded.
The gnoll barely misses you.
You riposte.
You hit the gnoll. Your bite misses the gnoll.
The gnoll is heavily wounded.
The goblin hits you but does no damage.
You hit the gnoll. You bite the gnoll. You drain its power.
You feel invigorated.
The gnoll is severely wounded.
The gnoll hits you with a +0 whip!
You die...

.#.##.........##########.##..####
.#.##.........# #..#..#
...##.........###########.#..####
##.####...........†..............
#.# #.....................#####
#.# #.....................# #.#
#.....................# #.#
#######.............. #.#
#...@.........# .#
#..gg.........# #.............#
#.............# ................
###............. #............
#...........


You could see a gnoll and a goblin.

Vanquished Creatures
  A dart slug (D:1)
  A bat (D:1)
  A giant cockroach (D:1)
  A goblin (D:1)
  3 hobgoblins (D:1)
  4 jackals (D:1)
  A kobold (D:1)
  A frilled lizard (D:1)
  A rat (D:1)
14 creatures vanquished.

Notes
Turn   | Place    | Note
-------+----------+-------------------------------------------
     0 | D:1      | hatdisgam the Vine Stalker Fighter began the quest for the
                  | Orb.
     0 | D:1      | Reached XP level 1. HP: 11/11 MP: 2/2
    71 | D:1      | Reached XP level 2. HP: 16/16 MP: 3/3
   388 | D:1      | Slain by a gnoll

Illustrated notes

Levels and vault maps discovered:
D:1:      roderic_chinese_lattice_arrival, layout_basic

Skill      XL: |  1 |
---------------+----+-----
Long Blades    | 2 |  2.5
Fighting       | |  2.6
Armour         | |  2.4
Dodging        | |  0.9
Shields        | |  2.6

Action                   || total
-------------------------++-------
Melee: Long sword        ||    33
       Bite              ||    10
Armor: Scale mail        ||    19
Dodge: Dodged            ||    22
       Rpst.: Long sword ||    13

Table legend: (Time is in decaauts)
 A = Elapsed time spent in this place.
 B = Non-inter-level travel time spent in this place.
 C = Inter-level travel time spent in this place.
 D = Time resting spent in this place.
 E = Time spent auto-exploring this place.
 F = Levels seen in this place.
 G = Mean time per level.
                   A        B        C        D        E       F      G
               +--------+--------+--------+--------+--------+-----+--------+
         Total |    397 |    397 |      0 |      0 |    309 |   1 |  397.0 |
       Dungeon |    397 |    397 |      0 |      0 |    309 |   1 |  397.0 |
               +--------+--------+--------+--------+--------+-----+--------+

Top non-repeatable levels by time:
     D:1: 397 daAuts
